 Dungeon Crawl Stone Soup version 0.20.1-1-g8b1a95d (console) character file.

170 hilaritas the Shield-Bearer (level 5, -1/41 HPs)
             Began as a Formicid Fighter on Aug 9, 2017.
             Slain by ThereIsNoGod's ghost (12 damage)
             ... on level 3 of the Dungeon.
             The game lasted 00:03:58 (2691 turns).

hilaritas the Shield-Bearer (Formicid Fighter)      Turns: 2691, Time: 00:03:58

Health: -1/41      AC:  6    Str: 27    XL:     5   Next: 80%
Magic:  5/5        EV:  8    Int:  7    God:
Gold:   134        SH: 12    Dex: 10    Spells: 4/4 levels left

rFire    . . .     SeeInvis +   a - +0 war axe
rCold    . . .     Gourm    .   m - +2 shield
rNeg     . . .     Faith    .   b - +0 scale mail
rPois    .         Spirit   .   (helmet unavailable)
rElec    .         Reflect  .   (no cloak)
rCorr    .         Harm     .   (no gloves)
MR       .....                  (no boots)
Stlth    ..........             (no amulet)
Regen    0.2/turn               (no ring)
MPRegen  0.1/turn               (no ring)

@: mighty
A: permanent stasis, dig shafts and tunnels, four strong arms, antennae 3
a: Dig, Shaft Self


You were on level 3 of the Dungeon.
You were not hungry.

You visited 1 branch of the dungeon, and saw 3 of its levels.

You collected 134 gold pieces.

Inventory:

Hand Weapons
 a - a +0 war axe (weapon)
 g - a +0 whip
Armour
 b - a +0 scale mail (worn)
 m - a +2 shield (worn)
Jewellery
 k - an uncursed amulet of regeneration {unknown}
Wands
 q - a wand of flame (21/48)
Scrolls
 h - 3 scrolls of remove curse {unknown}
 i - a scroll of enchant weapon {unknown}
 j - 2 scrolls of teleportation {unknown}
 l - 2 scrolls of amnesia {unknown}
 n - a scroll of noise {unknown}
 r - a scroll of fear {unknown}
 t - a scroll of identify {unknown}
Potions
 d - 2 potions of might
 e - a potion of heal wounds {unknown}
 o - a potion of haste {unknown}
 s - a potion of agility {unknown}
Comestibles
 c - 4 meat rations
 f - 2 bread rations
 p - 2 chunks of flesh


   Skills:
 - Level 3.2 Fighting
 * Level 4.7 Axes
 - Level 3.2 Armour
 + Level 5.0 Shields


You had 4 spell levels left.
You didn't know any spells.

Dungeon Overview and Level Annotations

Branches:
Dungeon (3/15)

Altars:
Xom

Annotations:
D:3 ThereIsNoGod's ghost, amateur TrFi


Innate Abilities, Weirdness & Mutations

You cannot be hasted, slowed, berserked, paralysed or teleported.
You can dig through walls and to a lower floor.
Your four strong arms can wield two-handed weapons with a shield.
You have a pair of large antennae on your head. (SInv)


Message History

You block ThereIsNoGod's ghost's attack.
You hit ThereIsNoGod's ghost.
ThereIsNoGod's ghost is heavily damaged.
ThereIsNoGod's ghost hits you but does no damage.
You hit ThereIsNoGod's ghost.
ThereIsNoGod's ghost is heavily damaged.
ThereIsNoGod's ghost hits you!
You slash ThereIsNoGod's ghost!
ThereIsNoGod's ghost is severely damaged.
You block ThereIsNoGod's ghost's attack. x2
You hit ThereIsNoGod's ghost but do no damage.
ThereIsNoGod's ghost is severely damaged.
ThereIsNoGod's ghost hits you!
* * * LOW HITPOINT WARNING * * *
You slash ThereIsNoGod's ghost!
ThereIsNoGod's ghost is severely damaged.
You block ThereIsNoGod's ghost's attack.
You feel very mighty all of a sudden. ThereIsNoGod's ghost hits you!
You die...

#...###.###.).#..>.
+.8...###...8.....[
#.............###.#
###....>....###....
##.....###..##.# .##
##.8.## .. #.. ....
###..†..### #.# .....
###....<....# #.#
......#†@W..........#
......†.8...###...8.+
......#...### ##...#
..... ##.## #.## ....
...# ..# ... #### .#
.. { .


You could see ThereIsNoGod's ghost.

Vanquished Creatures
  Jessica (D:2)
  4 adders
  3 gnolls (D:3)
  2 oozes (D:1)
  2 worms (D:2)
  A dart slug (D:3)
  A leopard gecko (D:1)
  8 giant cockroaches
  6 hobgoblins
  6 jackals
  2 quokkas
  3 ball pythons
  5 bats
  A frilled lizard (D:1)
  5 goblins
  6 kobolds
  6 rats
62 creatures vanquished.

Notes
Turn   | Place    | Note
-------+----------+-------------------------------------------
     0 | D:1      | hilaritas the Formicid Fighter began the quest for the Orb.
     0 | D:1      | Reached XP level 1. HP: 18/18 MP: 1/1
    45 | D:1      | Reached XP level 2. HP: 19/24 MP: 2/2
    52 | D:1      | Reached skill level 4 in Shields
   330 | D:1      | Reached XP level 3. HP: 29/29 MP: 3/3
   898 | D:2      | Found a shimmering altar of Xom.
   899 | D:2      | Found a shimmering altar of Xom.
   900 | D:2      | Found a shimmering altar of Xom.
  1175 | D:2      | Reached XP level 4. HP: 13/35 MP: 4/4
  1478 | D:2      | Noticed Jessica
  1486 | D:2      | Killed Jessica
  1736 | D:2      | Reached XP level 5. HP: 41/41 MP: 5/5
  1831 | D:2      | Found a shimmering altar of Xom.
  1833 | D:2      | Found a shimmering altar of Xom.
  2630 | D:3      | Reached skill level 5 in Shields
  2679 | D:3      | Noticed ThereIsNoGod's ghost (amateur TrFi)
  2691 | D:3      | Slain by ThereIsNoGod's ghost

Skill      XL: |  1  2  3  4  5 |
---------------+----------------+-----
Shields        | 4 5 |  5.0
Axes           | 3 4 |  4.7
Fighting       | |  3.2
Armour         | |  3.2

Action                   |  1- 3 |  4- 6 || total
-------------------------+-------+-------++-------
Melee: War axe           |   107 |   101 ||   208
  Use: Potion            |       |     1 ||     1
  Eat: Chunk             |     1 |     5 ||     6
Armor: Scale mail        |    49 |    34 ||    83
Dodge: Dodged            |    44 |    33 ||    77
Block: Shield            |    59 |    77 ||   136
